 Dungeon Crawl Stone Soup version 0.29.1-1-gd02db6906a (webtiles) character file.

Game seed: 4661794630310264202

0 ComplexStatics the Grave Robber (level 1, -1/14 HPs)
             Began as a Ghoul Necromancer on Oct 16, 2022.
             Slain by a jackal (2 damage)
             ... on level 1 of the Dungeon.
             The game lasted 00:01:11 (59 turns).

ComplexStatics the Grave Robber (Ghoul Necromancer)   Turns: 59, Time: 00:01:12

Health: -1/14      AC:  2    Str: 11    XL:     1   Next: 0%
Magic:  2/2        EV: 12    Int: 10    God:
Gold:   6          SH:  0    Dex:  9    Spells: 2/3 levels left

rFire   . . .      SeeInvis .   (no weapon)
rCold   + . .      Faith    .   (no shield)
rNeg    + + +      Spirit   .   a - +0 robe
rPois   ∞          Reflect  .   (no helmet)
rElec   .          Harm     .   (no cloak)
rCorr   .          Rampage  .   (no gloves)
Will    .....                   (no boots)
Stlth   ++........              (no amulet)
HPRegen 0.00/turn               (no ring)
MPRegen 0.08/turn               (no ring)

@: inhibited regen
A: claws 1, cold resistance 1, negative energy resistance 3, inhibited
regeneration, torment resistance 2, devour on kill
a: no special abilities


You were on level 1 of the Dungeon.
You visited 1 branch of the dungeon, and saw 1 of its levels.

You collected 6 gold pieces.

Inventory:

Armour
 a - a +0 robe (worn)
Potions
 b - a potion of magic
 c - 2 potions of flight {unknown}


   Skills:
 + Level 1.7 Dodging
 + Level 2.1 Stealth
 + Level 1.7 Spellcasting
 + Level 4.0 Necromancy


You had 2 spell levels left.
You knew the following spells:

 Your Spells              Type           Power      Damage    Failure   Level
a - Necrotise             Necr           32%        1d5       6%          1

Your spell library contained the following spells:

 Spells                   Type           Power      Damage    Failure   Level
 Vampiric Draining        Necr           8%         2d6       19%         3
 Animate Dead             Necr           8%         N/A       52%         4
 Agony                    Necr           8%         N/A       86%         5


Dungeon Overview and Level Annotations

Branches:
Dungeon (1/15)

Altars:


Innate Abilities, Weirdness & Mutations

You are immune to poison.
You have sharp fingernails.
Your flesh is cold resistant. (rC+)
You are immune to negative energy. (rN+++)
You do not regenerate when monsters are visible.
You are immune to unholy pain and torment.
You thrive by killing the living.


Message History

The jackal closely misses you. The rat closely misses you.
The jackal attacks as you move away! The jackal bites you. The rat misses you.
The jackal attacks as you move away! The jackal bites you.
The rat closely misses you.
There is a dry fountain here.
The jackal barely misses you.
You see here a +0 spear.
Unknown command.
You aren't carrying any scrolls.
Okay, then.
Sorry, you're not good enough to have a special ability.
The jackal closely misses you.
You barely miss the jackal. The jackal bites you. The jackal barely misses you.
Okay, then.
You closely miss the jackal. The jackal barely misses you.
The jackal bites you but does no damage.
You closely miss the jackal.
The jackal bites you but does no damage.
The jackal closely misses you.
The jackal bites you but does no damage.
The jackal barely misses you.
You barely miss the jackal. The jackal bites you.
The jackal closely misses you.
You barely miss the jackal. The jackal barely misses you.
The jackal bites you. x2
You barely miss the jackal. The jackal bites you.
The jackal closely misses you. The jackal bites you.
You barely miss the jackal. The jackal closely misses you.
The jackal bites you.
* * * LOW HITPOINT WARNING * * *
You scratch the jackal but do no damage.
The jackal bites you.
* * * LOW HITPOINT WARNING * * *
The jackal barely misses you. The jackal bites you.
* * * LOW HITPOINT WARNING * * *
The jackal bites you but does no damage.
You closely miss the jackal. The jackal misses you. x2
You closely miss the jackal. The jackal bites you.
* * * LOW HITPOINT WARNING * * *
The jackal bites you.
You die...

....########.
#..........####.
##..P~P~⌠⌠~.##..#
...~.....PK.##..#
#.~.####.~...##.
###.~P#_.PP..#.##.
#...~.####...#...#
##h#.~......~.#...#
+.@hr⌠~~⌠~P⌠P......
####K.........##.#.
##.##...#.## .##
####.#...# ..
#...### #.### #.#
#.# #.#


You could see 2 jackals, a kobold and a rat.

Vanquished Creatures (others)
  A fungus (D:1)
1 creature vanquished.

Notes
Turn   | Place    | Note
-------+----------+-------------------------------------------
     0 | D:1      | ComplexStatics the Ghoul Necromancer began the quest for
                  | the Orb.
     0 | D:1      | Reached XP level 1. HP: 14/14 MP: 2/2
    27 | D:1      | Found a faded altar of an unknown god.
    59 | D:1      | Slain by a jackal

Illustrated notes

Levels and vault maps discovered:
D:1:      lightli_iron_boxes, layout_loops_corners,
          shapermc_ecumenical_altar_acropolis

Action                   || total
-------------------------++-------
Melee: Unarmed           ||    15
Armor: Robe              ||     7
Dodge: Dodged            ||    22
